Map: Cyber Forest LE

Players

Cham

  • Race: Zerg Zerg
  • League: Master
  • Spawn Location: 11:00

scarlett - Winner!

  • Race: Zerg Zerg
  • League: Master
  • Spawn Location: 5:00

Event: 2019 WCS Winter Americas

VOD

Have the link to the VOD?

Description

Time

  • Played on: March 24, 2019, 3:28 p.m.
  • Length: 60:27

All games in this series

Show
View Real Time Build Order
Export as new Build Order

Cham Zerg 

Build Orders: Pool First 

Get SALT Encoding   

  12  0:18  Spawning Pool  
  11  0:23  Drone  
  11  0:28  Drone  
  13  0:31  Drone  
  14  0:42  Overlord  
  14  1:04  Zergling x4  
  14  1:06  Zergling x2  
  17  1:17  Zergling x2  
  18  1:19  Hatchery  
  17  1:28  Zergling x2  
  18  1:33  Queen  
  20  1:43  Overlord  
  20  1:55  Drone  
  20  2:01  Drone  
  22  2:14  Drone  
  23  2:23  Drone  
  23  2:25  Queen  
  26  2:32  Drone  
  26  2:36  Queen, Drone  
  30  2:41  Extractor x2  
  30  2:43  Drone x2  
  30  2:53  Overlord  
  30  2:54  Drone  
  30  2:58  Drone x3  
  34  3:04  Drone  
  35  3:10  Drone  
  36  3:14  Drone x2  
  36  3:15  Drone  
  39  3:24  Drone  
  39  3:25  Roach Warren  
  39  3:30  Overlord  
  39  3:34  Drone x2  
  41  3:42  Overlord  
  41  3:43  Overlord  
  41  3:47  Metabolic Boost  
  40  4:09  Roach  
  42  4:10  Roach x5  
  42  4:15  Roach  
  50  4:18  Roach  
  50  4:22  Roach  
  54  4:26  Zergling x4, Roach  
  54  4:29  Zergling x4  
  60  4:38  Overlord  
  60  4:50  Overlord  
  60  4:53  Evolution Chamber  
  60  4:54  Zergling x2  
  60  4:56  Zergling x10  
  60  4:57  Zergling x2  
  66  5:07  Ravager x2  
  67  5:11  Drone  
  67  5:12  Drone x2  
  65  5:28  Hatchery  
  65  5:30  Zerg Melee Weapons Level 1  
  65  5:32  Drone x3  
  67  5:40  Overlord  
  67  5:43  Zergling x6  
  67  5:48  Zergling x6  
  72  5:50  Zergling x2  
  72  5:54  Zergling x2  
  74  5:59  Overlord  
  74  6:04  Overlord  
  74  6:08  Overlord  
  74  6:16  Zergling x6  
  74  6:18  Overlord  
  77  6:21  Ravager  
  77  6:22  Ravager x4  
  77  6:23  Zergling x2  
  83  6:29  Zergling x2  
  83  6:31  Zergling x2  
  85  6:40  Zergling x4  
  87  6:47  Zergling x4  
  87  6:48  Zergling x10  
Show
View Real Time Build Order
Export as new Build Order

scarlett Zerg - Winner!

Build Orders: Pool First 

Get SALT Encoding   

  12  0:00  Drone  
  13  0:12  Overlord  
  13  0:17  Drone  
  14  0:30  Drone x2  
  16  0:40  Spawning Pool  
  15  0:44  Drone  
  15  0:48  Drone  
  17  1:08  Hatchery  
  16  1:11  Drone  
  17  1:27  Zergling x4  
  17  1:28  Zergling x2  
  17  1:30  Queen  
  22  1:35  Extractor  
  22  1:39  Overlord  
  21  1:49  Zergling x2  
  22  2:02  Zergling x2  
  22  2:06  Queen  
  25  2:14  Drone  
  26  2:20  Queen  
  26  2:21  Drone  
  29  2:34  Drone x3  
  32  2:39  Drone x3  
  35  2:46  Overlord  
  35  2:51  Drone  
  35  2:55  Overlord  
  36  3:05  Overlord  
  35  3:06  Drone x2  
  37  3:16  Drone x4  
  41  3:22  Overlord  
  41  3:30  Drone x5  
  46  3:42  Evolution Chamber  
  46  3:44  Drone  
  46  3:45  Drone, Lair  
  46  3:47  Extractor  
  46  3:51  Roach Warren  
  45  4:04  Drone  
  45  4:05  Drone x7  
  45  4:08  Zerg Missile Weapons Level 1  
  51  4:11  Overlord  
  51  4:16  Overlord  
  50  4:19  Extractor  
  50  4:21  Overlord  
  49  4:31  Roach  
  49  4:32  Roach x3  
  57  4:43  Spine Crawler, Roach x3  
  61  4:52  Spine Crawler, Roach x2  
  64  4:55  Roach x2  
  64  4:57  Queen  
  70  5:01  Roach  
  70  5:06  Roach  
  73  5:07  Roach x2  
  73  5:13  Roach  
  76  5:23  Glial Reconstitution  
  74  5:30  Drone x2  
  74  5:31  Roach x2  
  74  5:32  Overlord x3  
  80  5:37  Roach x2  
  84  5:45  Overlord  
  84  5:48  Roach x2  
  88  5:51  Roach  
  88  5:52  Roach  
  88  5:53  Overseer  
  92  6:00  Roach x2  
  96  6:06  Roach x2  
  100  6:13  Roach x2  
  104  6:22  Roach x3  
  110  6:29  Hatchery  
  110  6:31  Roach x3  
  115  6:34  Roach  
  113  6:46  Roach x4  
  107  7:03  Roach x5  
Tags
 
Add a new tag
Caveats
  • Supply blocks, unpowered buildings, or Contaminate may cause inaccurate times.
  • Supply counts are checked every 10 seconds.